 Dungeon Crawl Stone Soup version 0.22-a0-93-g6b88ebb (webtiles) character file.

207 Amnesiac the Conjurer (level 5, -9/32 HPs)
             Began as a Gargoyle Wanderer on Jan 23, 2018.
             Killed by divine providence
             ... invoked by an orc priest
              (16 damage)
             ... on level 3 of the Dungeon.
             The game lasted 00:06:50 (1800 turns).

Amnesiac the Conjurer (Gargoyle Wanderer)           Turns: 1800, Time: 00:06:51

Health: -9/32      AC: 13    Str: 17    XL:     5   Next: 85%
Magic:  0/8        EV:  9    Int: 13    God:
Gold:   68         SH:  0    Dex:  8    Spells: 7/8 levels left

rFire    . . .     SeeInvis .   a - +2 dagger
rCold    . . .     Gourm    .   (no shield)
rNeg     + . .     Faith    .   l - +0 scale mail (curse)
rPois    ∞         Spirit   .   h - +2 helmet
rElec    +         Reflect  .   (no cloak)
rCorr    .         Harm     +   (no gloves)
MR       .....                  (no boots)
Stlth    ..........             k - amulet of harm
HPRegen  0.10/turn              (no ring)
MPRegen  0.11/turn              (no ring)

@: no status effects
A: negative energy resistance 1, electricity resistance, unbreathing,
petrification resistance, rot immunity, AC +4
a: no special abilities


You were on level 3 of the Dungeon.
You were hungry.

You visited 1 branch of the dungeon, and saw 3 of its levels.

You collected 68 gold pieces.

Inventory:

Hand Weapons
 a - a +2 dagger (weapon)
 c - a +0 hand axe
Missiles
 j - 4 poisoned javelins
 t - 64 stones (quivered)
 u - 8 poisoned needles
Armour
 h - a +2 helmet (worn)
 l - a cursed +0 scale mail (worn)
Jewellery
 k - an amulet of harm (around neck)
Scrolls
 b - a scroll of blinking {!r}
 e - 2 scrolls of fog {!r, unknown}
 m - a scroll of identify {!r, unknown}
 n - 4 scrolls of enchant weapon {!r, unknown}
 o - a scroll of teleportation {!r, unknown}
 r - a scroll of amnesia {!r, unknown}
 w - a scroll of magic mapping {!r, unknown}
Potions
 g - a potion of curing {!q}
 p - a potion of heal wounds {!q, unknown}
 q - a potion of might {!q, unknown}
 s - a potion of agility {!q, unknown}
Books
 d - the Grimoire of the Volcanoes

   Spells                             Type                      Level
   a - Flame Tongue                   Conjuration/Fire             1
   b - Inner Flame                    Hexes/Fire                   3
Comestibles
 f - 11 rations
 v - 3 chunks of flesh


   Skills:
 - Level 3.5 Fighting
   Level 1.0 Maces & Flails
 + Level 0.5 Armour
 + Level 0.3 Dodging
 - Level 2.1 Stealth
 - Level 2.0 Spellcasting
 - Level 5.0 Conjurations
 - Level 3.0 Fire Magic


You had 7 spell levels left.
You knew the following spells:

 Your Spells              Type           Power        Failure   Level  Hunger
a - Flame Tongue          Conj/Fire      ##...        17%         1    ##.....


Dungeon Overview and Level Annotations

Branches:
Dungeon (3/15)

Altars:
Vehumet
Xom


Innate Abilities, Weirdness & Mutations

You are resistant to torment.
Your stone body is resilient. (AC +4)
You are immune to poison.
You resist negative energy. (rN+)
You are resistant to electric shocks. (rElec)
You can survive without breathing.
You are immune to petrification.
You are immune to rotting.


Message History

You are very lightly contaminated with residual magic.
You are momentarily dazzled by a flash of light!
The orc priest hits you but does no damage.
The orc hits you but does no damage.
Casting: Flame Tongue
Confirm with . or Enter, or press ? or * to list all spells.
Aiming: Flame Tongue
Press: ? - help, Shift-Dir - straight line, f/p - orc priest
Aim: an orc priest, wielding a hand axe (moderately wounded)
You miscast Flame Tongue.
You hear a sizzling sound.
The orc priest calls down the wrath of Beogh upon you.
Pain shoots through your body!
* * * LOW HITPOINT WARNING * * *
The orc hits you.
* * * LOW HITPOINT WARNING * * *
Casting: Flame Tongue
Confirm with . or Enter, or press ? or * to list all spells.
Aiming: Flame Tongue
Press: ? - help, Shift-Dir - straight line, f/p - orc priest
Aim: an orc priest, wielding a hand axe (moderately wounded)
The flame tongue hits the orc priest.
The orc priest is heavily wounded.
The orc priest misses you. The orc hits you but does no damage.
Casting: Flame Tongue
Confirm with . or Enter, or press ? or * to list all spells.
Aiming: Flame Tongue
Press: ? - help, Shift-Dir - straight line, f/p - orc priest
Aim: an orc priest, wielding a hand axe (heavily wounded)
The flame tongue hits the orc priest.
The orc priest is heavily wounded.
The orc barely misses you.
The orc priest hits you but does no damage.
Unknown command.
Really quaff
g - 2 glowing orange potions {!q}?
It was a potion of curing {!q}.
You feel better. The orc hits you.
* * * LOW HITPOINT WARNING * * *
The orc priest closely misses you.
Really quaff
i - a bubbling dark potion {!q}?
It was a potion of cancellation {!q}.
You feel magically purged.
Your magical contamination has completely faded away.
The orc misses you.
The orc priest mumbles some strange prayers to Beogh against you.
Beogh smites you!
* * * LOW HITPOINT WARNING * * *
Okay, then.
Really read
b - a scroll of blinking {!r}?
Blink to where?
Press: ? - help, Dir - move target cursor, p - orc priest Really blink into a travel-excluded area?
Okay, then.
Blink to where?
Press: ? - help, Dir - move target cursor, f - you
Okay, then.
Casting: Flame Tongue
Confirm with . or Enter, or press ? or * to list all spells.
Aiming: Flame Tongue
Press: ? - help, Shift-Dir - straight line, f - orc priest
Aim: an orc priest, wielding a hand axe (heavily wounded)
The flame tongue misses the orc priest.
The orc hits you but does no damage.
The orc priest invokes the aid of Beogh against you.
Beogh smites you!
Ouch! That really hurt!
You die...

.. #######...
..##......###
............
..#......##.
#.#......##.
#####+##
#.#......##.
#......#
#.##.######.
#......# #.##.#
## #...@o.#
#.##.#####
#####o##
#....†...# #o#
#....[...#
#g####.....?..#
#..§§.........#
#.§§.†).......#
#§§§§..(...####
#.§........#
#§.§..g....#


You could see an orc priest, 2 orcs and a goblin.

Vanquished Creatures
  A scorpion (D:2)
  An iguana (D:2)
  Jessica (D:2)
  5 adders (D:2)
  A worm (D:2)
  4 leopard geckos
  4 orcs
  7 bats
  3 giant cockroaches
  5 goblins
  7 hobgoblins
  4 jackals (D:2)
  3 kobolds
  3 frilled lizards
49 creatures vanquished.

Vanquished Creatures (others)
  A leopard gecko (D:3)
  An orc (D:3)
  A hobgoblin (D:3)
3 creatures vanquished.

Grand Total: 52 creatures vanquished

Notes
Turn   | Place    | Note
-------+----------+-------------------------------------------
     0 | D:1      | Amnesiac the Gargoyle Wanderer began the quest for the Orb.
     0 | D:1      | Amnesiac set off with: a +2 dagger, a scroll of blinking {!r}, a +0 hand axe, the Grimoire of the Volcanoes, a +0 robe, a ration
     0 | D:1      | Reached XP level 1. HP: 12/12 MP: 3/3
     0 | D:1      | Identified the Grimoire of the Volcanoes
     2 | D:1      | Learned a level 1 spell: Flame Tongue
     2 | D:1      | Upgraded the game from 0.22-a0-91-g23542c2 to 0.22-a0-93-g6b88ebb
    70 | D:1      | Reached skill level 1 in Conjurations
   112 | D:1      | Reached XP level 2. HP: 17/17 MP: 0/5
   168 | D:1      | Reached skill level 2 in Conjurations
   656 | D:2      | Reached XP level 3. HP: 21/21 MP: 2/6
   702 | D:2      | Reached skill level 3 in Conjurations
   847 | D:2      | Noticed a scorpion
   865 | D:2      | Killed a scorpion
   865 | D:2      | Reached skill level 4 in Conjurations
   865 | D:2      | Reached XP level 4. HP: 19/26 MP: 0/7
   916 | D:2      | Reached skill level 5 in Conjurations
   916 | D:2      | Reached XP level 5. HP: 27/30 MP: 2/8
   949 | D:2      | Noticed Jessica
   953 | D:2      | Killed Jessica
  1055 | D:2      | Found a shimmering altar of Xom.
  1479 | D:2      | Found a faded altar of an unknown god.
  1679 | D:3      | Found a radiant altar of Vehumet.
  1800 | D:3      | Killed from afar by an orc priest

Vault maps used:
D:1:      ncdulo_watergridlock, nrook_mini_vaults
D:2:      xom_teletrap_fun, chequers_ecumenical_altar_grove, uniq_jessica
D:3:      nicolae_overflow_crystal_walls, fiery_altar_vehumet, first_ration,
          uniq_natasha

Skill      XL: |  1  2  3  4  5 |
---------------+----------------+-----
Conjurations   | 1 2 4 5 |  5.0
Fighting       | 3 |  3.5
Maces & Flails | |  1.0
Armour         | |  0.5
Dodging        | |  0.3
Stealth        | |  2.1
Spellcasting   | |  2.0
Fire Magic     | |  3.0

Action                   |  1- 3 |  4- 6 || total
-------------------------+-------+-------++-------
Melee: Dagger            |    23 |    88 ||   111
 Cast: Flame Tongue      |    41 |    23 ||    64
  Use: Potion            |       |     2 ||     2
  Eat: Chunk             |     1 |     3 ||     4
Armor: Robe              |    21 |       ||    21
       Scale mail        |     9 |    69 ||    78
Dodge: Dodged            |    45 |    54 ||    99

Table legend:
 A = Spawn XP
 B = Non-spawn XP
 C = Spawn XP percentage of total XP
 D = Spawn monster count
 E = Non-spawn monster count
 F = Spawn count percentage of total count
 G = Total turns spent on level
                    A         B        C        D         E        F      G
               +---------+---------+-------+---------+---------+-------+---------
         Total |       0 |     297 |   0.0 |       0 |      49 |   0.0 |  1800
               +---------+---------+-------+---------+---------+-------+---------
           D:1 |       0 |      33 |   0.0 |       0 |      15 |   0.0 |   631
           D:2 |       0 |     246 |   0.0 |       0 |      25 |   0.0 |   933
           D:3 |       0 |      18 |   0.0 |       0 |       9 |   0.0 |   236
               +---------+---------+-------+---------+---------+-------+---------
